 Dungeon Crawl Stone Soup version 0.26-a0-949-ga0cc1ef5f6 (webtiles) character file.

Game seed: 5654916413471648224

522 miscthings the Slinger (level 7, -11/44 HPs)
             Began as a Halfling Hunter on Nov 28, 2020.
             Was an Initiate of Okawaru.
             Killed by divine providence
             ... invoked by an orc priest
              (15 damage)
             ... on level 4 of the Dungeon.
             The game lasted 00:06:31 (3494 turns).

miscthings the Slinger (Halfling Hunter)            Turns: 3494, Time: 00:06:32

Health: -11/44     AC:  3    Str: 15    XL:     7   Next: 46%
Magic:  7/7        EV: 15    Int:  9    God:    Okawaru [......]
Gold:   339        SH:  0    Dex: 15    Spells: 6/6 levels left

rFire    . . .     SeeInvis .   a - +1 hunting sling
rCold    . . .     Faith    .   (shield restricted)
rNeg     + . .     Spirit   .   o - +0 robe {rN+}
rPois    .         Reflect  .   (no helmet)
rElec    .         Harm     .   e - scarf {repulsion}
rCorr    .         Rampage  .   (no gloves)
MR       .....                  i - +0 pair of boots
Stlth    ++........             (no amulet)
HPRegen  0.14/turn              (no ring)
MPRegen  0.10/turn              (no ring)

@: repel missiles
A: small, mutation resistance 1
a: Renounce Religion


You were on level 4 of the Dungeon.
You worshipped Okawaru.
Okawaru was noncommittal.
You visited 1 branch of the dungeon, and saw 4 of its levels.

You collected 339 gold pieces.

Inventory:

Hand Weapons
 a - a +1 hunting sling (weapon)
 b - a +0 short sword
Missiles
 d - 19 sling bullets
 g - 191 stones (quivered)
Armour
 c - a +0 leather armour
 e - a scarf of repulsion (worn)
 i - a +0 pair of boots (worn)
 o - a +0 robe of positive energy (worn)
 z - a +0 pair of boots
Wands
 A - a wand of polymorph (12)
Scrolls
 f - a scroll of magic mapping
 j - 6 scrolls of identify {unknown}
 m - 2 scrolls of remove curse
 n - 2 scrolls of teleportation {unknown}
 p - a scroll of immolation {unknown}
 r - a scroll of fog {unknown}
 t - a scroll of random uselessness {unknown}
 u - a scroll of amnesia {unknown}
 y - a scroll of blinking {unknown}
Potions
 h - 3 potions of flight
 k - a potion of attraction {unknown}
 l - 3 potions of lignification
 q - a potion of haste {unknown}
 s - a potion of heal wounds {unknown}
 v - a potion of curing
 w - a potion of berserk rage {unknown}
 x - a potion of mutation {unknown}


   Skills:
 - Level 1.7 Fighting
 + Level 11.8 Slings
 - Level 2.1 Dodging
 - Level 1.1 Stealth


You had 6 spell levels left.
You didn't know any spells.
Your spell library was empty.

Dungeon Overview and Level Annotations

Branches:
Dungeon (4/15)
 Temple: D:4-7

Altars:
Nemelex Xobeh
Okawaru
Ru
Wu Jian


Innate Abilities, Weirdness & Mutations

You are small and have problems with some larger weapons.
You are somewhat resistant to further mutation.


Message History

Beogh smites you!
* * * LOW HITPOINT WARNING * * *
Fire: 191 stones
Press: ? - help, Q - select action, (/) - cycle Shift-Dir - straight line, f/p - orc priest
Aim: an orc priest, wielding a +0 whip and wearing a +0 leather armour (moderately wounded)
Okay, then.
It was a potion of curing.
You feel better. The orc priest completely misses you.
As you read the scroll labelled HINUITW HIOJ, it crumbles to dust.
You feel as if something is helping you.
It was a scroll of remove curse.
As you read the scroll labelled PAER OGUOPH, it crumbles to dust.
You feel aware of your surroundings.
It was a scroll of magic mapping.
The orc priest barely misses you. The orc priest hits you with a +0 whip!
* * * LOW HITPOINT WARNING * * *
The orc priest begins to cast a cantrip, but forgets the words!
The orc priest calls down the wrath of Beogh upon you.
Beogh smites you!
You die...

#......>.# **....,** #
######.####**.....,,** #
#........###......,,,###
#.##.....(.(o(.!..,,,+..
*,*##.#.o###......,,,###
*,* #...o# **.....,,** #
*,* #.##o# **.o..,** #
#.###.##.# **...** #
#......@.# *#+#* #
#####.####### #.# #
#.,,,,..# #.# #
*,****#.# ##.## *,*
#.###...##
*,*####.##.....#####
*,*#................
#....##.###...######
#.###*#.# ##.##


You could see 3 orc priests.

Vanquished Creatures
  2 ogres (D:4)
  A bullfrog (D:3)
  A hound (D:4)
  A centaur skeleton (D:4)
  2 orc wizards
  A worker ant (D:4)
  A hound skeleton (D:4)
  5 adders
  2 oozes
  2 adder skeletons (D:4)
  3 leopard geckos
  8 orcs
  3 giant cockroaches
  3 goblins
  7 hobgoblins
  7 kobolds
  3 quokkas
  A ball python (D:3)
  6 bats
  17 frilled lizards
  A quokka skeleton (D:4)
  9 rats
86 creatures vanquished.

Vanquished Creatures (others)
  5 plants (D:2)
5 creatures vanquished.

Grand Total: 91 creatures vanquished

Notes
Turn   | Place    | Note
-------+----------+-------------------------------------------
     0 | D:1      | miscthings the Halfling Hunter began the quest for the Orb.
     0 | D:1      | Reached XP level 1. HP: 14/14 MP: 1/1
    48 | D:1      | Reached skill level 6 in Slings
   104 | D:1      | Reached XP level 2. HP: 19/19 MP: 2/2
   247 | D:1      | Reached skill level 7 in Slings
   247 | D:1      | Reached XP level 3. HP: 15/24 MP: 3/3
   698 | D:2      | Reached XP level 4. HP: 15/29 MP: 4/4
  1122 | D:2      | Found a sparkling altar of Nemelex Xobeh.
  1324 | D:2      | Reached skill level 8 in Slings
  1536 | D:3      | Noticed a bullfrog
  1542 | D:3      | Killed a bullfrog
  1543 | D:3      | Reached skill level 9 in Slings
  1543 | D:3      | Reached XP level 5. HP: 34/34 MP: 5/5
  1825 | D:3      | Found an ornate altar of the Wu Jian Council.
  1905 | D:3      | Reached XP level 6. HP: 18/39 MP: 6/6
  2156 | D:3      | Found a sacrificial altar of Ru.
  2425 | D:4      | Noticed an ogre
  2452 | D:4      | Reached skill level 10 in Slings
  2452 | D:4      | Killed an ogre
  2804 | D:4      | Noticed an ogre
  2820 | D:4      | Killed an ogre
  2821 | D:4      | Reached skill level 11 in Slings
  2821 | D:4      | Reached XP level 7. HP: 42/44 MP: 7/7
  2905 | D:4      | Found an iron altar of Okawaru.
  2918 | D:4      | Became a worshipper of Warmaster Okawaru
  3488 | D:4      | HP: 1/44 [orc priest/divine providence (11)]
  3494 | D:4      | Killed from afar by an orc priest

Illustrated notes

Levels and vault maps discovered:
D:1:      dpeg_arrival_arbitrary_b, layout_rooms, grunt_decor_arrowhead,
          serial_park_tiny_pond
D:2:      layout_loops_ring, nicolae_overflow_hidden_temple, minmay_lizard_king
D:3:      layout_loops_cross, nicolae_ru_sacrificial_ziggurat,
          overflow_temple_1_default, minmay_misc_feat_hallway
D:4:      layout_loops_corners, okawaru_gym_becter

Skill      XL: |  1  2  3  4  5  6 |
---------------+-------------------+-----
Slings         | 6 7 9 11 | 11.8
Fighting       | |  1.7
Dodging        | |  2.1
Stealth        | |  1.1

Action                   |  1- 3 |  4- 6 |  7- 9 || total
-------------------------+-------+-------+-------++-------
 Fire: Hunting sling     |   108 |   176 |    50 ||   334
  Use: Potion            |       |     2 |     1 ||     3
       Scroll            |       |       |     2 ||     2
Armor: Leather armour    |     8 |     3 |       ||    11
       Robe              |       |     3 |     3 ||     6
       Skin              |       |     8 |       ||     8
Dodge: Dodged            |    28 |    29 |    15 ||    72

Table legend: (Time is in decaauts)
 A = Elapsed time spent in this place.
 B = Non-inter-level travel time spent in this place.
 C = Inter-level travel time spent in this place.
 D = Time resting spent in this place.
 E = Time spent auto-exploring this place.
 F = Levels seen in this place.
 G = Mean time per level.
                   A        B        C        D        E       F      G
               +--------+--------+--------+--------+--------+-----+--------+
         Total |   3410 |   3344 |     66 |    546 |   2268 |   4 |  852.5 |
       Dungeon |   3410 |   3344 |     66 |    546 |   2268 |   4 |  852.5 |
               +--------+--------+--------+--------+--------+-----+--------+

Top non-repeatable levels by time:
     D:4: 1082 daAuts
     D:2: 979 daAuts
     D:3: 858 daAuts
     D:1: 489 daAuts
